 Dungeon Crawl Stone Soup version 0.30-a0-54-g2e61a25929 (webtiles) character file.

Game seed: 5595594149927655283

16 Newt the Ducker (level 2, -6/22 HPs)
             Began as a Demonspawn Gladiator on Sept 7, 2022.
             Killed by nerve-wracking pain
             ... invoked by Jessica
              (10 damage)
             ... on level 2 of the Dungeon.
             The game lasted 00:00:52 (1260 turns).

Newt the Ducker (Demonspawn Gladiator)              Turns: 1260, Time: 00:00:52

Health: -6/22      AC:  4    Str: 14    XL:     2   Next: 41%
Magic:  2/2        EV: 12    Int:  9    God:
Gold:   35         SH:  4    Dex: 14    Spells: 1/1 levels left

rFire   . . .      SeeInvis .    a - +0 rapier
rCold   . . .      Faith    .    (no shield)
rNeg    . . .      Spirit   .    b - +0 leather armour
rPois   .          Reflect  .    c - +0 helmet
rElec   .          Harm     .    (no cloak)
rCorr   .          Rampage  .    (no gloves)
Will    .....                    (no boots)
Stlth   ++........               (no amulet)
HPRegen 0.07/turn                (no ring)
MPRegen 0.08/turn                (no ring)

@: no status effects
A: large bone plates 1
a: no special abilities


You were on level 2 of the Dungeon.
You visited 1 branch of the dungeon, and saw 2 of its levels.

You collected 35 gold pieces.

Inventory:

Hand Weapons
 a - a +0 rapier (weapon)
Missiles
 d - 2 throwing nets (quivered)
 f - 4 curare-tipped darts
Armour
 b - a +0 leather armour (worn)
 c - a +0 helmet (worn)
 i - a +0 scale mail
Jewellery
 h - a ring of see invisible
Scrolls
 j - 2 scrolls of poison {unknown}
Potions
 g - 3 potions of curing


   Skills:
 + Level 2.1 Fighting
 - Level 2.6 Short Blades
 - Level 1.7 Throwing
 - Level 2.6 Dodging
 - Level 2.0 Stealth


You had one spell level left.
You didn't know any spells.
Your spell library contained the following spells:

 Spells                   Type           Power      Damage    Failure   Level
 Gell's Gravitas          Tloc           0%         N/A       83%         3
 Teleport Other           Tloc           0%         N/A       83%         3
 Dispersal                Tloc           0%         N/A       100%        6


Dungeon Overview and Level Annotations

Branches:
Dungeon (2/15)

Altars:

Annotations:
D:2 Jessica


Innate Abilities, Weirdness & Mutations

You are partially covered in large bone plates. (SH +4)


Message History

You are too injured to fight recklessly!
You are too injured to fight recklessly!
You are too injured to fight recklessly!
You are too injured to fight recklessly!
You are too injured to fight recklessly!
You are too injured to fight recklessly!
You are too injured to fight recklessly!
You are too injured to fight recklessly!
You are too injured to fight recklessly!
Unknown command.
Jessica attacks as you move away! Jessica barely misses you.
Jessica zaps a wand.
Some rock shatters into small pieces.
The hobgoblin attacks as you move away! The hobgoblin misses you.
Jessica shouts, "You're disturbing me!
I'll have to kill you!"
Unknown command.
You barely miss the hobgoblin.
Jessica gestures wildly while chanting.
Jessica blinks!
The hobgoblin hits you.
You hit the hobgoblin.
You kill the hobgoblin!
Throw: javelin
Press: ? - help, Shift-Dir - straight line, f - Jessica
Aim: Jessica, wielding a +0 dagger, wearing a +0 robe and carrying a wand of digging (1) (lightly wounded, 59% to hit)
You throw a javelin. The javelin pierces through Jessica!
Jessica is almost dead.
Jessica mumbles some strange words.
Jessica seems to speed up.
Jessica gestures at you while chanting. Pain shoots through your body!
* * * LOW HITPOINT WARNING * * *
You see here a hobgoblin corpse.
Throw: 3 throwing nets
Press: ? - help, Shift-Dir - straight line, f/p - Jessica
Aim: Jessica, wielding a +0 dagger, wearing a +0 robe and carrying a wand of digging (1) (severely wounded, fast, 59% to hit)
You throw a throwing net. The throwing net hits Jessica.
Jessica is caught in the net!
Jessica is severely wounded.
Jessica points at you and mumbles some strange words.
Pain shoots through your body!
You die...

##.####....#
........>..#
#.......#
#..#
#.#.#####
#..(....#
#.#.#...#
...#.##.@##
.####.###.@##
# ..# #..†##
#.# #.##.#
#.# #.###.#
#. ##.####.#
#....# ##
#....# #....#
##.###


You could see Jessica (fast, caught).

Vanquished Creatures
  A worm (D:2)
  2 dart slugs (D:1)
  2 endoplasms (D:1)
  A hobgoblin (D:2)
  A bat (D:2)
  A frilled lizard (D:1)
  2 goblins (D:1)
10 creatures vanquished.

Vanquished Creatures (others)
  A fungus (D:2)
1 creature vanquished.

Grand Total: 11 creatures vanquished

Notes
Turn   | Place    | Note
-------+----------+-------------------------------------------
     0 | D:1      | Newt the Demonspawn Gladiator began the quest for the Orb.
     0 | D:1      | Reached XP level 1. HP: 16/16 MP: 1/1
   589 | D:1      | Reached skill level 1 in Stealth
   811 | D:1      | Gained mutation: You are partially covered in large bone
                  | plates. (SH +4) [demonic ancestry]
   811 | D:1      | Reached XP level 2. HP: 22/22 MP: 2/2
  1241 | D:2      | Noticed Jessica
  1260 | D:2      | Killed from afar by Jessica

Illustrated notes

Levels and vault maps discovered:
D:1:      minmay_arrival_shattered_statue, layout_basic
D:2:      layout_basic, shapermc_ecumenical_altar_acropolis,
          uniq_crazy_yiuf_cottage, uniq_jessica

Skill      XL: |  1  2 |
---------------+-------+-----
Stealth        | 1 2 |  2.0
Fighting       | |  2.1
Short Blades   | |  2.6
Throwing       | |  1.7
Dodging        | |  2.6

Action                   || total
-------------------------++-------
Melee: Rapier            ||    33
       Punch             ||     1
Throw: Javelin           ||     1
       Throwing net      ||     1
  Use: Scroll            ||     2
 Stab: Sleeping          ||     2
Armor: Leather armour    ||     6
Dodge: Dodged            ||     8
Block: Other             ||     2

Table legend: (Time is in decaauts)
 A = Elapsed time spent in this place.
 B = Non-inter-level travel time spent in this place.
 C = Inter-level travel time spent in this place.
 D = Time resting spent in this place.
 E = Time spent auto-exploring this place.
 F = Levels seen in this place.
 G = Mean time per level.
                   A        B        C        D        E       F      G
               +--------+--------+--------+--------+--------+-----+--------+
         Total |   1262 |   1233 |     29 |      0 |   1113 |   2 |  631.0 |
       Dungeon |   1262 |   1233 |     29 |      0 |   1113 |   2 |  631.0 |
               +--------+--------+--------+--------+--------+-----+--------+

Top non-repeatable levels by time:
     D:1: 953 daAuts
     D:2: 309 daAuts
